 Dungeon Crawl Stone Soup version 0.30-a0-719-gcc4359ea44 (webtiles) character file.

Game seed: 8630168822032051333

3071 sokol815 the Carver (level 9, -2/71 HPs)
             Began as a Demigod Hunter on Jan 26, 2023.
             Slain by an orc warrior
             ... wielding a +0 glaive
              (22 damage)
             ... on level 8 of the Dungeon.
             The game lasted 00:13:45 (6833 turns).

sokol815 the Carver (Demigod Hunter)                Turns: 6833, Time: 00:13:46

Health: -2/71      AC:  8    Str: 17    XL:     9   Next: 32%
Magic:  11/11      EV: 15    Int: 11    God:
Gold:   426        SH:  0    Dex: 29    Spells: 8/8 levels left

rFire   + . .      SeeInvis .    a - +9 sword of Power {lifebolt}
rCold   + . .      Faith    .    (shield currently unavailable)
rNeg    . . .      Spirit   .    y - +0 troll leather armour
rPois   +          Reflect  .    O - +1 hat
rElec   .          Harm     .    d - +0 cloak
rCorr   .          Rampage  .    T - +0 pair of gloves
Will    +....                    b - +0 pair of boots
Stlth   ++                       (no amulet)
HPRegen 1.11/turn                G - ring of Bapexaerch {Drain rPois rF+ Will+}
MPRegen 0.12/turn                j - ring of Yjiroraw {rC+ Str+5}

@: no status effects
A: high MP 1, forlorn, divine attributes
a: no special abilities


You were on level 8 of the Dungeon.
You visited 1 branch of the dungeon, and saw 8 of its levels.
You also visited: Sewer.

You collected 426 gold pieces.

Inventory:

Hand Weapons
 a - the +9 sword of Power (weapon) {lifebolt}
   (You acquired it on level 3 of the Dungeon)
 o - the +0 broad axe "Putekhu" {heavy, Int+3 SInv}
   (You found it on level 2 of the Dungeon)

   Int:       It affects your intelligence (+3).
   SInv:      It lets you see invisible.
 I - a +3 dagger
   (You took it off a kobold on level 4 of the Dungeon)
 N - a +0 shortbow
Missiles
 k - 20 poisoned darts
 s - 65 stones
 w - 2 throwing nets {!d}
 L - 7 boomerangs
 S - 3 atropa-tipped darts
 Z - 6 datura-tipped darts
Armour
 b - a +0 pair of boots (worn)
   (You found it on level 1 of the Dungeon)
 d - a +0 cloak (worn)
   (You found it on level 1 of the Dungeon)
 e - a +1 robe of willpower
   (You found it on level 1 of the Dungeon)
 h - an orb of energy
   (You found it on level 1 of the Dungeon)
 y - a +0 troll leather armour (worn)
   (You found it on level 3 of the Dungeon)
 O - a +1 hat (worn)
   (You found it on level 5 of the Dungeon)
 T - a +0 pair of gloves (worn)
   (You found it on level 6 of the Dungeon)
Magical Staves
 f - a staff of earth
   (You found it on level 1 of the Dungeon)
 n - a staff of death {rN+}
   (You found it on level 2 of the Dungeon)
Jewellery
 j - the ring of Yjiroraw (right hand) {rC+ Str+5}
   (You found it on level 4 of the Dungeon)

   [ring of protection from cold]

   Str:       It affects your strength (+5).
   rC:        It protects you from cold.
 p - a ring of flight {+Fly, !d}
   (You found it on level 3 of the Dungeon)
 A - a +4 ring of protection
   (You found it on level 8 of the Dungeon)
 G - the ring of Bapexaerch (left hand) {Drain rPois rF+ Will+}
   (You acquired it on level 5 of the Dungeon)

   [ring of protection from fire]

   rF:        It protects you from fire.
   rPois:     It protects you from poison.
   Drain:     It drains your maximum health when unequipped.
   Will:      It increases your willpower.
Wands
 q - a wand of flame (6)
   (You took it off Ijyb on level 3 of the Dungeon)
 u - a wand of light (9)
   (You took it off Robin on level 2 of the Dungeon)
Scrolls
 c - a scroll of silence {unknown}
 l - a scroll of vulnerability {unknown}
 x - a scroll of noise {unknown}
 z - a scroll of summoning {unknown}
 C - a scroll of enchant weapon {unknown}
 D - a scroll of blinking {!r}
 E - 2 scrolls of fear
 F - a scroll of fog {unknown}
 K - a scroll of immolation {!r}
 R - a scroll of amnesia {unknown}
 V - a scroll of enchant armour {unknown}
 X - 4 scrolls of magic mapping {@r4!r}
 Y - 3 scrolls of teleportation {@r3}
Potions
 g - a potion of cancellation
 i - 2 potions of degeneration {unknown}
 r - 2 potions of curing {unknown}
 v - a potion of invisibility {unknown}
 B - 4 potions of brilliance
 H - 3 potions of haste
 M - 2 potions of might
 P - 3 potions of lignification {!q}
 Q - a potion of heal wounds {unknown}
 U - 4 potions of mutation {!q}
 W - a potion of attraction {unknown}


   Skills:
 - Level 4.0 Fighting
 + Level 9.6 Long Blades
 - Level 6.8 Ranged Weapons
 - Level 4.0 Dodging
 - Level 0.8 Stealth


You had 8 spell levels left.
You didn't know any spells.
Your spell library contained the following spells:

 Spells                   Type           Power      Damage    Failure   Level
 Freezing Cloud           Conj/Ice/Air   0%         6-21      100%        5
 Simulacrum               Ice/Necr       0%         N/A       100%        6
 Polar Vortex             Ice            0%         N/A       100%        9


Dungeon Overview and Level Annotations

Branches:
Dungeon (8/15) Zot: 26779   Sewer (visited)
 Temple: D:4-7         Lair: D:8-11

Shops:
D:7 *

Annotations:
D:4 3 runed translucent doors, Foxy's ghost, amateur KoEn
D:7 Joseph; Maggie


Innate Abilities, Weirdness & Mutations

You have an increased reservoir of magic. (+10% MP)
You shall have no god before yourself.
Your divine heritage dramatically boosts your attributes as you level up.


Message History

A deep elf pyromancer comes into view. It is wielding a +0 dagger.
There is an open door here.
The helpless deep elf pyromancer fails to defend itself.
You open the deep elf pyromancer like a pillowcase!!!
The howler monkey howls!
You hear an angry hiss.
You hear a shout!
A wyvern comes into view.
A centaur comes into view.
The howler monkey misses you.
The deep elf pyromancer casts a spell.
You closely miss the deep elf pyromancer.
The howler monkey barely misses you.
The deep elf pyromancer gestures at you while chanting.
The sticky flame hits you. You resist.
You are covered in liquid flames!
The howler monkey misses you.
The deep elf pyromancer mumbles some strange words.
The deep elf pyromancer blinks!
You take 1 damage, and have 70/71 hp.
You closely miss the howler monkey.
You are covered in liquid flames!
The howler monkey barely misses you.
You take 3 damage, and have 67/71 hp.
You barely miss the howler monkey.
You are covered in liquid flames!
You are no longer on fire.
The howler monkey misses you.
The howler monkey hoots and howls with incredible vigour!
You hear a roar!
You hear an angry hiss. x2
You slice the howler monkey!!
You kill the howler monkey!
An orc warrior comes into view. It is wielding a +0 glaive.
The wyvern is engulfed in blazing flames.
The deep elf pyromancer gestures wildly while chanting.
The deep elf pyromancer blinks!
You barely miss the fire elemental.
The wyvern is engulfed in blazing flames.
The fire elemental hits you. The fire elemental burns you! You resist.
The wyvern is engulfed in blazing flames.
The fire elemental hits you. The fire elemental burns you! You resist.
The deep elf pyromancer casts a spell.
The deep elf pyromancer blinks!
You take 5 damage, and have 64/71 hp.
You barely miss the fire elemental.
The wyvern is engulfed in blazing flames.
The wyvern dies!
The fire elemental hits you. The fire elemental burns you! You resist.
The fire elemental hits you. The fire elemental burns you! You resist.
You take 10 damage, and have 54/71 hp.
You closely miss the fire elemental. The fire elemental hits you.
The fire elemental burns you! You resist. The fire elemental hits you.
The fire elemental burns you! You resist.
You take 9 damage, and have 45/71 hp.
You slice the fire elemental!! The fire elemental hits you.
The fire elemental burns you! You resist.
You take 4 damage, and have 41/71 hp.
You are too injured to fight recklessly!
You hit the fire elemental.
You destroy the fire elemental!
The fire elemental disappears in a puff of smoke!
The centaur wields a +0 shortbow.
The centaur shoots an arrow.
The arrow hits you but does no damage.
The centaur shoots an arrow.
The arrow barely misses you.
You regained 2 hp, and now have 43/71 hp.
The centaur unwields a +0 shortbow.
The centaur completely misses you.
The centaur kicks you but does no damage.
The orc warrior barely misses you.
You slash the centaur! The centaur completely misses you.
The centaur closely misses you. The centaur completely misses you.
The centaur closely misses you.
The orc warrior hits you from afar with a +0 glaive!!
You take 19 damage, and have 25/71 hp.
MASSIVE DAMAGE!!
You slice the deep elf pyromancer!!
You kill the deep elf pyromancer!
The centaur closely misses you.
The centaur kicks you but does no damage.
The orc warrior closely misses you. The centaur misses you.
The centaur kicks you but does no damage.
Your Long Blades skill increases to level 9!
The centaur wields a +0 shortbow.
The centaur shoots an arrow.
The arrow hits you!
* * * LOW HITPOINT WARNING * * *
You take 5 damage, and have 21/71 hp.
The centaur shoots an arrow.
The arrow barely misses you.
There is an open door here.
The centaur shoots an arrow.
The arrow closely misses you.
You close the door.
A centaur opens the door.
The centaur unwields a +0 shortbow.
The centaur closely misses you. x2
The orc warrior barely misses you.
There is an open door here.
You slash the centaur! The centaur barely misses you.
The centaur closely misses you.
The orc warrior hits you from afar with a +0 glaive!
* * * LOW HITPOINT WARNING * * *
The centaur hits you but does no damage.
The centaur kicks you but does no damage.
You take 7 damage, and have 18/71 hp.
You slash the centaur!
You kill the centaur!
The orc warrior hits you from afar with a +0 glaive!!
You die...

###........##. .#
###.........#$# #?
#†..........##. .#
#.......#....#.# #.
.....#..#..#.##. .#
.#.........#..#.#)#
.....#..#.##..##o#
........#.##...#)#
..#.###....#...#@#
..#.#
#.#..#....#..#
..#.#
#.#.....#.#.##
..#.# #.####.......
..#.. .. ..........
### .......#####
#####.### #. #.


You could see an orc warrior.

Vanquished Creatures
  A deep elf pyromancer (D:8)
  Prince Ribbit (D:5)
  Menkaure (D:7)
  A water moccasin (D:7)
  An ice beast (D:6)
  An orc warrior (D:7)
  A sky beast (D:7)
  4 centaurs
  3 phantoms
  4 ogres
  4 kobold brigands (Sewer)
  A bullfrog (D:8)
  3 necrophages (D:6)
  A scorpion (D:5)
  A howler monkey (D:8)
  Ijyb (D:3)
  Terence (D:3)
  2 iguanas
  An orc wizard (D:8)
  Robin (D:2)
  14 gnolls
  8 adders
  A river rat (Sewer)
  2 shadow imps
  2 ufetubi
  6 worms
  24 orcs
  3 bats
  11 endoplasms
  5 giant cockroaches
  8 goblins
  10 hobgoblins
  14 kobolds
  7 quokkas
  13 ball pythons
  4 frilled lizards
  12 rats
178 creatures vanquished.

Vanquished Creatures (others)
  A wyvern (D:8)
1 creature vanquished.

Grand Total: 179 creatures vanquished

Notes
Turn   | Place    | Note
-------+----------+-------------------------------------------
     0 | D:1      | sokol815 the Demigod Hunter began the quest for the Orb.
     0 | D:1      | Reached XP level 1. HP: 17/17 MP: 3/3
   141 | D:1      | Reached skill level 2 in Fighting
   192 | D:1      | Reached skill level 2 in Dodging
   228 | D:1      | Reached XP level 2. HP: 24/24 MP: 4/4
   428 | D:1      | Reached skill level 4 in Ranged Weapons
   594 | D:2      | Identified the +0 broad axe "Putekhu" {heavy, Int+3 SInv}
  1148 | D:2      | Reached XP level 3. HP: 26/29 MP: 5/5
  1444 | D:2      | Noticed Robin
  1452 | D:2      | Killed Robin
  1905 | D:3      | Reached XP level 4. HP: 37/37 MP: 6/6
  2009 | D:3      | Noticed Ijyb
  2039 | D:4      | Found a runed translucent gate.
  2039 | D:4      | Found a runed translucent gate.
  2040 | D:4      | Found a runed translucent gate.
  2042 | D:4      | Noticed Foxy's ghost (amateur KoEn)
  2043 | D:4      | Noticed a black bear
  2128 | D:4      | Reached XP level 5. HP: 44/44 MP: 7/7
  2160 | D:4      | Reached skill level 5 in Ranged Weapons
  2160 | D:4      | Reached skill level 3 in Dodging
  2161 | D:4      | Found a glowing drain.
  2177 | Sewer    | Entered a sewer
  2248 | Sewer    | Reached skill level 3 in Fighting
  2461 | Sewer    | Reached XP level 6. HP: 38/51 MP: 8/8
  2739 | Sewer    | Reached skill level 6 in Ranged Weapons
  3135 | D:4      | Identified the ring of Yjiroraw {rC+ Str+5}
  3215 | D:4      | Reached skill level 4 in Dodging
  3215 | D:4      | Reached XP level 7. HP: 58/58 MP: 9/9
  3326 | D:4      | Reached skill level 4 in Fighting
  3802 | D:5      | Entered Level 5 of the Dungeon
  3935 | D:3      | Killed Ijyb
  4374 | D:3      | Identified 2 scrolls of acquirement
  4374 | D:3      | Acquired the +9 sword of Power {lifebolt}
  4374 | D:3      | Found the +9 sword of Power {lifebolt}
  4382 | D:3      | Noticed Terence
  4390 | D:3      | Killed Terence
  5025 | D:5      | Reached skill level 1 in Long Blades
  5055 | D:5      | Reached skill level 2 in Long Blades
  5211 | D:5      | Noticed Prince Ribbit
  5222 | D:5      | Reached skill level 3 in Long Blades
  5228 | D:5      | Killed Prince Ribbit
  5229 | D:5      | Reached skill level 4 in Long Blades
  5540 | D:5      | Acquired the ring of Bapexaerch {Drain rPois rF+ Will+}
  5572 | D:6      | Reached XP level 8. HP: 66/66 MP: 10/10
  5638 | D:6      | Reached skill level 5 in Long Blades
  5730 | D:6      | Reached skill level 6 in Long Blades
  5858 | D:6      | Reached skill level 7 in Long Blades
  6323 | D:7      | Found Ucsozighea's Lightly-Used Armoury.
  6415 | D:7      | Noticed Menkaure
  6420 | D:7      | Killed Menkaure
  6421 | D:7      | Reached skill level 8 in Long Blades
  6473 | D:7      | Reached XP level 9. HP: 57/71 MP: 11/11
  6604 | D:7      | Noticed Joseph
  6604 | D:7      | Noticed Maggie
  6810 | D:8      | Noticed a deep elf pyromancer
  6826 | D:8      | Killed a deep elf pyromancer
  6827 | D:8      | Reached skill level 9 in Long Blades
  6833 | D:8      | Slain by an orc warrior

Illustrated notes

Levels and vault maps discovered:
D:1:      matt_arrival_los_fun, layout_rooms
D:2:      layout_basic, basic_altar, dreamdust_ecumenical_altar_grove,
          uniq_robin
D:3:      layout_basic, mainiacjoe_overflow_small_starburst,
          minmay_randomly_rotated_circles, uniq_ijyb, uniq_terence
D:4:      layout_loops_corners, cheibrodos_sewer_entry_bend, ebering_ghost_gozag
D:5:      layout_loops_corners, old_standard_altar, uniq_prince_ribbit1
D:6:      wander_river, layout_cave_pools, mainiacjoe_overflow_six_doors_small,
          old_standard_altar
D:7:      layout_basic, mainiacjoe_overflow_paths,
          minmay_temple_entry_nine_rooms, minmay_misc_feat_iff,
          chequers_serial_rivers_small_b, chequers_serial_rivers_small_a,
          minmay_shop_damaged, uniq_menkaure, uniq_joseph, uniq_maggie
D:8:      minmay_the_grid_four_pointed_star
          [minmay_the_grid_triangle_9x9_sparse_checkered,
          minmay_the_grid_triangle_9x9_zippers_horizontal,
          minmay_the_grid_triangle_9x9_fully_insulated_deathbox,
          minmay_the_grid_triangle_9x9_wacky_v,
          minmay_the_grid_prize_inner_circle], layout_basic,
          amcnicky_altar_gilded, yredelemnul_forgotten_temple_becter,
          chequers_jeans

Skill      XL: |  1  2  3  4  5  6  7  8  9 |
---------------+----------------------------+-----
Fighting       | 2 3 4 |  4.0
Dodging        | 2 3 4 |  4.0
Ranged Weapons | 4 5 6 |  6.8
Long Blades    | 4 8 9 |  9.6
Stealth        | |  0.8

Action                     |  1- 3 |  4- 6 |  7- 9 || total
---------------------------+-------+-------+-------++-------
  Melee: Great sword       |       |       |   138 ||   138
   Fire: Shortbow          |   146 |   230 |    43 ||   419
    Use: Scroll            |       |     5 |     7 ||    12
         Potion            |       |       |     1 ||     1
   Stab: Sleeping          |       |       |     5 ||     5
 Armour: Robe              |    16 |       |       ||    16
         Leather armour    |     2 |       |       ||     2
         Troll leather arm |       |    22 |    53 ||    75
  Dodge: Dodged            |    44 |    90 |   130 ||   264

Table legend: (Time is in decaauts)
 A = Elapsed time spent in this place.
 B = Non-inter-level travel time spent in this place.
 C = Inter-level travel time spent in this place.
 D = Time resting spent in this place.
 E = Time spent auto-exploring this place.
 F = Levels seen in this place.
 G = Mean time per level.
                   A        B        C        D        E       F      G
               +--------+--------+--------+--------+--------+-----+--------+
         Total |   7024 |   6860 |    164 |    139 |   5346 |   9 |  780.4 |
       Dungeon |   6303 |   6139 |    164 |    139 |   4826 |   8 |  787.9 |
         Sewer |    720 |    720 |      0 |      0 |    520 |   1 |  720.0 |
               +--------+--------+--------+--------+--------+-----+--------+

Top non-repeatable levels by time:
     D:4: 1187 daAuts
     D:2: 1150 daAuts
     D:3: 1115 daAuts
     D:5: 989 daAuts
   Sewer: 720 daAuts
     D:6: 671 daAuts
     D:1: 539 daAuts
     D:7: 430 daAuts
     D:8: 219 daAuts

Table legend:
 A = Kills in this place as a percentage of kills in entire the game.
 B = Kills by you in this place as a percentage of kills by you in the entire game.
 C = Kills by friends in this place as a percentage of kills by friends in the entire game.
 D = Other kills in this place as a percentage of other kills in the entire game.
 E = Experience gained in this place as a percentage of experience gained in the entire game.
 F = Experience gained in this place divided by the number of levels of this place that you have seen.
                   A       B       C       D       E      F
               +-------+-------+-------+-------+-------+----------------------
         Total | 100.0 | 100.0 |   N/A |   N/A | 100.0 | 499.8
       Dungeon |  84.3 |  84.3 |   N/A |   N/A |  89.4 | 502.9
         Sewer |  15.7 |  15.7 |   N/A |   N/A |  10.6 | 475.0
               +-------+-------+-------+-------+-------+----------------------
